 Dungeon Crawl Stone Soup version 0.30-a0-1114-gd936c97349 (webtiles) character file.

Game seed: 12359856504084764520

90 MacCMillion the Ruffian (level 4, -1/45 HPs)
             Began as a Troll Fighter on Apr 21, 2023.
             Slain by a sky beast (6 damage)
             ... on level 3 of the Dungeon.
             The game lasted 00:02:03 (1801 turns).

MacCMillion the Ruffian (Troll Fighter)             Turns: 1801, Time: 00:02:04

Health: -1/45      AC:  4    Str: 26    XL:     4   Next: 32%
Magic:  3/3        EV:  8    Int:  4    God:
Gold:   150        SH:  7    Dex:  9    Spells: 3/3 levels left

rFire   . . .      SeeInvis .      - Unarmed
rCold   . . .      Faith    .    b - +0 kite shield
rNeg    . . .      Spirit   .    a - +0 robe
rPois   .          Reflect  .    (helmet restricted)
rElec   .          Rampage  .    (no cloak)
rCorr   .                        (gloves unavailable)
Will    .....                    (boots unavailable)
Stlth   +                        (no amulet)
HPRegen 1.07/turn                (no ring)
MPRegen 0.08/turn                (no ring)

@: no status effects
A: large, unfitting armour, claws 3, regeneration 1, shaggy fur 1, tough skin 1
a: no special abilities


You were on level 3 of the Dungeon.
You visited 1 branch of the dungeon, and saw 3 of its levels.

You collected 150 gold pieces.

Inventory:

Armour
 a - a +0 robe (worn)
 b - a +0 kite shield (worn)
Jewellery
 n - a ring of willpower
Scrolls
 d - a scroll of fog {unknown}
 f - a scroll of butterflies {unknown}
 g - 2 scrolls of enchant armour {unknown}
 h - 3 scrolls of magic mapping {unknown}
 i - 3 scrolls of identify {unknown}
 l - 3 scrolls of immolation {unknown}
 m - a scroll of noise {unknown}
Potions
 c - a potion of might
 e - 3 potions of heal wounds {unknown}
 j - a potion of degeneration {unknown}
 k - a potion of magic {unknown}


   Skills:
 + Level 3.0 Fighting
 - Level 2.4 Dodging
 + Level 3.2 Shields
 * Level 3.5 Unarmed Combat


You had 3 spell levels left.
You didn't know any spells.
Your spell library contained the following spells:

 Spells                   Type           Power      Damage    Failure   Level
 Sandblast                Erth           0%         2d4       80%         1
 Passwall                 Tmut/Erth      0%         N/A       90%         2
 Stone Arrow              Conj/Erth      0%         3d7       99%         3


Dungeon Overview and Level Annotations

Branches:
Dungeon (3/15)

Altars:


Innate Abilities, Weirdness & Mutations

You are too large for most types of armour.
You have claws for hands.
Your natural rate of healing is unusually fast.
You are covered in fur. (AC +1)
You have tough skin. (AC +1)


Message History

There is a stone staircase leading down here.
A sky beast comes into view.
A sky beast is nearby!
The sky beast flickers out of sight!
Deactivating autopickup; reactivate with Ctrl-A.
No target in view!
No target in view!
No target in view!
No target in view!
You barely miss something. Something hits you. Something shocks you.
You miss something. Something hits you. Something shocks you.
You scratch something. Something hits you but does no damage.
You closely miss something. Something hits you. Something shocks you.
You barely miss something. Something hits you. Something shocks you.
You barely miss something. You block something's attack.
You claw something! Something hits you but does no damage.
You miss something. You block something's attack.
You miss something. Something hits you. Something shocks you.
* * * LOW HITPOINT WARNING * * *
You closely miss something. Something hits you.
* * * LOW HITPOINT WARNING * * *
Something shocks you.
* * * LOW HITPOINT WARNING * * *
You barely miss something. Something hits you.
* * * LOW HITPOINT WARNING * * *
Something shocks you.
* * * LOW HITPOINT WARNING * * *
You miss something. Something hits you but does no damage.
You closely miss something. Something hits you but does no damage.
You closely miss something. Something hits you but does no damage.
Unknown command.
You miss something.
A sky beast appears from thin air!
Reactivating autopickup.
You block the sky beast's attack. The sky beast barely misses you.
You barely miss the sky beast.
The sky beast is severely wounded.
The sky beast hits you.
* * * LOW HITPOINT WARNING * * *
The sky beast shocks you.
You die...

#######.#.##.#
........#.##.#
######....##.#
###.#####.# #
#...# #.####.#
#.#######.#..#.#
#.# #>..>.#....#
#.# #.######.###
#.# #........@.#
..# #######.##Y#
### #.# .# #.#
.# #.# .# ..# .#
.## .# . .# #.


You could see a sky beast.

Vanquished Creatures
  Natasha (D:3)
  A worm (D:2)
  2 dart slugs (D:1)
  7 ball pythons
  3 bats
  6 endoplasms
  4 giant cockroaches
  7 goblins
  5 hobgoblins
  2 quokkas (D:2)
  6 frilled lizards (D:2)
  4 kobolds
  6 rats
54 creatures vanquished.

Notes
Turn   | Place    | Note
-------+----------+-------------------------------------------
     0 | D:1      | MacCMillion the Troll Fighter began the quest for the Orb.
     0 | D:1      | Reached XP level 1. HP: 22/22 MP: 0/0
   213 | D:1      | Reached XP level 2. HP: 29/29 MP: 1/1
   838 | D:1      | Reached XP level 3. HP: 36/36 MP: 2/2
  1715 | D:3      | Noticed Natasha
  1726 | D:3      | Killed Natasha
  1727 | D:3      | Reached XP level 4. HP: 43/45 MP: 3/3
  1783 | D:3      | Noticed a sky beast
  1796 | D:3      | HP: 1/45 [something (5)]
  1801 | D:3      | Slain by a sky beast

Illustrated notes

Levels and vault maps discovered:
D:1:      dpeg_arrival_oval, layout_basic, st_stairs_1, patterned_corridor
D:2:      layout_basic
D:3:      layout_basic, minmay_cut_off, uniq_natasha

Skill      XL: |  1  2  3 |
---------------+----------+-----
Shields        | 3 |  3.2
Unarmed Combat | 3 |  3.5
Fighting       | 3 |  3.0
Dodging        | |  2.4

Action                     |  1- 3 |  4- 6 || total
---------------------------+-------+-------++-------
  Melee: Unarmed           |   144 |    16 ||   160
   Stab: Sleeping          |     1 |       ||     1
 Armour: Robe              |    35 |     5 ||    40
  Dodge: Dodged            |    36 |     1 ||    37
  Block: Kite shield       |    52 |     3 ||    55

Table legend: (Time is in decaauts)
 A = Elapsed time spent in this place.
 B = Non-inter-level travel time spent in this place.
 C = Inter-level travel time spent in this place.
 D = Time resting spent in this place.
 E = Time spent auto-exploring this place.
 F = Levels seen in this place.
 G = Mean time per level.
                   A        B        C        D        E       F      G
               +--------+--------+--------+--------+--------+-----+--------+
         Total |   1813 |   1789 |     24 |     11 |   1428 |   3 |  604.3 |
       Dungeon |   1813 |   1789 |     24 |     11 |   1428 |   3 |  604.3 |
               +--------+--------+--------+--------+--------+-----+--------+

Top non-repeatable levels by time:
     D:1: 932 daAuts
     D:2: 635 daAuts
     D:3: 245 daAuts
